 Dungeon Sprint DCSS version 0.19.0-2-gae57169 (webtiles) character file.

11206 LORDOFBUTT the Imperceptible (level 11, -23/47 HPs)
             Began as a Spriggan Enchanter on Nov 4, 2016.
             Was the Champion of Dithmenos.
             Annihilated by a lorocyproca (27 damage)
             ... in the Dungeon (Sprint I: "Red Sonja").
             The game lasted 00:11:44 (2736 turns).

LORDOFBUTT the Imperceptible (Spriggan Enchanter)   Turns: 2736, Time: 00:11:45

Health: -23/47     AC:  6    Str:  4    XL:     11   Next: 46%
Magic:  7/32       EV: 20    Int: 18    God:    Dithmenos [******]
Gold:   1328       SH:  0    Dex: 19    Spells: 3 memorised, 36 levels left

rFire  . . .     SeeInvis +     l - +0 short sword (venom)
rCold  + . .     Gourm    .     f - +1 robe {MR+}
rNeg   . . .     Faith    .     (shield restricted)
rPois  .         Spirit   .     (helmet restricted)
rElec  .         Reflect  .     t - +2 cloak of Pragmatism {rC+}
rCorr  .         Harm     .     (gloves unavailable)
MR     ++...     NoTele   +     (boots unavailable)
Stlth  ++++++++++               (no amulet)
                                (no ring)
                                (no ring)

@: wreathed by umbra, very quick
A: unfitting armour, see invisible, herbivore 3, speed 3, slow metabolism 2
a: Shadow Step, Shadow Form, Renounce Religion


You were in the Dungeon.
You worshipped Dithmenos.
Dithmenos was exalted by your worship.
You were not hungry.

You visited 1 branch You collected 1793 gold pieces.
You spent 465 gold pieces at shops.

Inventory:

Hand Weapons
 l - a +0 short sword of venom (weapon)
 r - a +0 blowgun
Missiles
 q - 8 needles of frenzy
 s - 10 curare-tipped needles
Armour
 f - a +1 robe of magic resistance (worn)
 t - the +2 cloak of Pragmatism (worn) {rC+}
   (You bought it in a shop in the Dungeon)

   It protects you from cold.
Potions
 a - a potion of brilliance {unknown}
 e - a potion of curing
 h - 2 potions of magic
 i - a potion of lignification {unknown}
 k - a potion of ambrosia {unknown}
 n - a potion of degeneration {unknown}
 p - a potion of flight {unknown}
Books
 c - a book of Maledictions

   Spells                             Type                      Level
   a - Corona                         Hexes                        1
   b - Ensorcelled Hibernation        Hexes/Ice                    2
   c - Confuse                        Hexes                        3
   d - Tukima's Dance                 Hexes                        3
   e - Dazzling Spray                 Conjuration/Hexes            3
Comestibles
 d - a bread ration


   Skills:
 - Level 1.3 Short Blades
 - Level 3.9 Dodging
 * Level 25.1 Stealth
 - Level 16.4 Spellcasting
 - Level 16.8 Hexes
 + Level 8.4 Invocations


You had 36 spell levels left.
You knew the following spells:

 Your Spells              Type           Power        Failure   Level  Hunger
a - Corona                Hex            ######.      0%          1    None
b - Ensorcelled Hibernat  Hex/Ice        #####.       1%          2    None
c - Confuse               Hex            ######..     0%          3    None


Dungeon Overview and Level Annotations

Branches:
Dungeon (1/1)

Altars:
Cheibriados
Dithmenos
Elyvilon
Fedhas
Gozag
Hepliaklqana
Kikubaaqudgha
Makhleb
Nemelex Xobeh
Okawaru
Qazlal
Ru
Sif Muna
Trog
Uskayaw
Vehumet
Xom
Yredelemnul
Zin
The Shining One
Jiyva
Lugonu

Shops:
D :?**[:}[(!}?:*[(


Innate Abilities, Weirdness & Mutations

You are very small and have problems with some larger weapons.
You are too small for most types of armour.
You have supernaturally acute eyesight. (SInv)
You are a herbivore.
You cover ground extremely quickly.
You need consume almost no food.


Message History

You feel your power leaking away.
Okay, then.
Casting: Ensorcelled Hibernation
Confirm with . or Enter, or press ? or * to list all spells.
Aiming: Confuse
Press: ? - help, Shift-Dir - straight line, f - lorocyproca
Aim: a lorocyproca (slightly transparent, umbra, chance to defeat MR: 1%)
The lorocyproca resists with almost no effort.
The lorocyproca misses you.
Casting: Confuse
Confirm with . or Enter, or press ? or * to list all spells.
Aiming: Confuse
Press: ? - help, Shift-Dir - straight line, f/p - lorocyproca
Aim: a lorocyproca (slightly transparent, umbra, chance to defeat MR: 1%)
The lorocyproca resists with almost no effort.
Your shadow mimicks your spell!
The lorocyproca resists with almost no effort.
The lorocyproca hits you!!
Ouch! That really hurt!
You die...

#################################
#__#..'..)#.(#§.§§'§§§..§'..#§§'.
'..'..#...##§#.####§§§§§##..'§§#.
#__####).§'.§#.#@###§§§#######'#§
####§§#####§.§.#2#$###§# )(##§.#$
#§§§§)#..##§####§.§#y#§##$$$#..##
§§§§.§§§§#.§§§§#§§§###..###$#..≈#
#§§§§§#§§#§§^..§.§§§§##.#A#$#..≈.
##'#####§###.).#§§§§.#..###$#..≈e
#.(.(###.'.#§§§###++##.##..$#..≈#
##'###.###.#.§## #. +###..≈#
.....'.∩##.#.§# ## ≈.m##


You could see a lorocyproca (invisible).

Vanquished Creatures
  A hydra (D)
  2 centaur warriors (D)
  Sonja (D)
  A deep troll (D)
  2 unseen horrors (D)
  A lindwurm (D)
  An oklob plant (D)
  A siren (D)
  A gargoyle (D)
  2 kobold demonologists (D)
  4 demonic crawlers (D)
  A hellwing (D)
  A hornet (D)
  A slime creature (D)
  Sigmund (D)
  2 redbacks (D)
  13 hogs (D)
  A yak (D)
  3 floating eyes (D)
  7 necrophages (D)
  An ogre (D)
  8 jellies (D)
  Ijyb (D)
  2 ballistomycetes (D)
  A ballistomycete spore (D)
60 creatures vanquished.

Vanquished Creatures (others)
  the Lernaean hydra (D)
  A deep elf master archer (D)
  A siren (D)
  A gargoyle (D)
  A hornet (D)
  A ballistomycete spore (D)
6 creatures vanquished.

Grand Total: 66 creatures vanquished

Notes
Turn   | Place    | Note
-------+----------+-------------------------------------------
     0 | D        | LORDOFBUTT the Spriggan Enchanter began the quest for the Orb.
     0 | D        | Reached XP level 1. HP: 9/9 MP: 5/5
     1 | D        | Noticed Ijyb
    11 | D        | Killed Ijyb
    11 | D        | Reached skill level 6 in Stealth
    11 | D        | Reached skill level 5 in Hexes
    11 | D        | Reached XP level 2. HP: 13/13 MP: 6/8
    65 | D        | Learned a level 2 spell: Ensorcelled Hibernation
    65 | D        | Noticed an ogre
    70 | D        | Killed an ogre
    70 | D        | Reached skill level 12 in Stealth
    70 | D        | Reached XP level 3. HP: 15/16 MP: 6/9
    70 | D        | Reached XP level 4. HP: 20/21 MP: 7/11
   104 | D        | Noticed Sigmund
   107 | D        | Killed Sigmund
   107 | D        | Reached skill level 16 in Stealth
   107 | D        | Reached XP level 5. HP: 24/24 MP: 12/12
   222 | D        | Found a deep blue altar of Sif Muna.
   224 | D        | Found a radiant altar of Vehumet.
   228 | D        | Reached skill level 17 in Stealth
   228 | D        | Reached XP level 6. HP: 28/28 MP: 10/13
   231 | D        | Found Ruzxuff's Book Emporium.
   231 | D        | Found an ancient bone altar of Kikubaaqudgha.
   231 | D        | Found a hazy altar of Hepliaklqana.
   231 | D        | Found a stormy altar of Qazlal.
   231 | D        | Found a hide-covered altar of Uskayaw.
   231 | D        | Found a blossoming altar of Fedhas.
   231 | D        | Found a bloodstained altar of Trog.
   231 | D        | Found an iron altar of Okawaru.
   231 | D        | Found a basalt altar of Yredelemnul.
   231 | D        | Found a glowing golden altar of the Shining One.
   231 | D        | Found a snail-covered altar of Cheibriados.
   231 | D        | Found a sacrificial altar of Ru.
   231 | D        | Found a glowing silver altar of Zin.
   231 | D        | Found a shadowy altar of Dithmenos.
   231 | D        | Found a white marble altar of Elyvilon.
   231 | D        | Noticed a yak
   232 | D        | Found an opulent altar of Gozag.
   233 | D        | Killed a yak
   233 | D        | Reached skill level 19 in Stealth
   234 | D        | Found a sparkling altar of Nemelex Xobeh.
   240 | D        | Became a worshipper of Dithmenos the Shadowed
   269 | D        | Found a viscous altar of Jiyva.
   269 | D        | Found a corrupted altar of Lugonu.
   269 | D        | Noticed a slime creature
   270 | D        | Found a burning altar of Makhleb.
   270 | D        | Found a shimmering altar of Xom.
   276 | D        | Killed a slime creature
   276 | D        | Reached skill level 20 in Stealth
   276 | D        | Reached XP level 7. HP: 13/32 MP: 7/14
   485 | D        | Noticed Sonja
   489 | D        | Killed Sonja
   489 | D        | Reached XP level 8. HP: 36/36 MP: 14/21
   535 | D        | Noticed a deep troll
   542 | D        | Killed a deep troll
   542 | D        | Reached * piety under Dithmenos
   542 | D        | Reached skill level 10 in Spellcasting
   659 | D        | Killed a deep elf master archer
   746 | D        | Found Rawarr's Armour Emporium.
   771 | D        | Noticed a centaur warrior
   772 | D        | Noticed a centaur warrior
   774 | D        | Killed a centaur warrior
   774 | D        | Reached XP level 9. HP: 39/39 MP: 23/26
   776 | D        | Killed a centaur warrior
   788 | D        | Reached ** piety under Dithmenos
   800 | D        | Noticed an oklob plant
   802 | D        | Killed an oklob plant
   815 | D        | Reached skill level 15 in Hexes
   815 | D        | Reached XP level 10. HP: 44/44 MP: 27/29
   833 | D        | Learned a level 3 spell: Confuse
   841 | D        | Noticed an unseen horror
   842 | D        | Noticed an unseen horror
   848 | D        | Killed an unseen horror
   848 | D        | Reached *** piety under Dithmenos
   848 | D        | Reached skill level 15 in Spellcasting
   850 | D        | Killed an unseen horror
   862 | D        | Paralysed by a floating eye for 2 turns
   877 | D        | Reached **** piety under Dithmenos
   913 | D        | Reached ***** piety under Dithmenos
  1184 | D        | Bought the +2 cloak of Pragmatism {rC+} for 313 gold pieces
  1256 | D        | Killed the 27-headed Lernaean hydra
  1556 | D        | Found Xaog's Book Boutique.
  1556 | D        | Found Dukk's Antique Weapon Emporium.
  1556 | D        | Found Teqomn's Assorted Antiques.
  1558 | D        | Found Ughuawyw's Magic Scroll Boutique.
  1558 | D        | Found Jefudal's Gadget Shoppe.
  1558 | D        | Found Onyguje's Distillery.
  1558 | D        | Found Uhes's Weapon Emporium.
  1558 | D        | Found Kiteog's Armour Boutique.
  1558 | D        | Found Diroz's Gadget Shoppe.
  1558 | D        | Found Dasysan's Book Shop.
  1561 | D        | Found Noits's Antique Armour Emporium.
  1562 | D        | Found Zoin's Assorted Antiques.
  1562 | D        | Found Zism's Assorted Antiques.
  1563 | D        | Found Ziapniv's Magic Scroll Shop.
  1566 | D        | Bought a +1 robe of magic resistance for 152 gold pieces
  1649 | D        | Reached skill level 21 in Stealth
  1649 | D        | Reached skill level 1 in Invocations
  1656 | D        | Reached ****** piety under Dithmenos
  1657 | D        | Reached skill level 22 in Stealth
  1662 | D        | Noticed a gargoyle
  1674 | D        | Noticed a lindwurm
  1676 | D        | Killed a lindwurm
  1676 | D        | Reached skill level 5 in Invocations
  1676 | D        | Reached XP level 11. HP: 47/47 MP: 32/32
  1687 | D        | Reached skill level 23 in Stealth
  1709 | D        | Reached skill level 24 in Stealth
  1871 | D        | Noticed a daeva
  1994 | D        | Noticed a 12-headed hydra
  1996 | D        | Killed a 12-headed hydra
  2012 | D        | Noticed a deep elf annihilator
  2379 | D        | HP: 2/47 [something (5)]
  2699 | D        | Reached skill level 25 in Stealth
  2722 | D        | Noticed a lorocyproca
  2736 | D        | Annihilated by a lorocyproca

Skill      XL: |  1  2  3  4  5  6  7  8  9 10 11 |
---------------+----------------------------------+-----
Stealth        | 6 12 16 17 20 22 25 | 25.1
Spellcasting   | 4 8 12 14 16 | 16.4
Hexes          | 5 9 12 15 16 | 16.8
Invocations    | 5 8 |  8.4
Short Blades   | |  1.3
Dodging        | |  3.9

Action                   |  1- 3 |  4- 6 |  7- 9 | 10-12 || total
-------------------------+-------+-------+-------+-------++-------
Melee: Dagger            |     9 |     5 |     1 |       ||    15
       Short sword       |       |       |     8 |    84 ||    92
 Fire: Blowgun           |       |       |       |     1 ||     1
 Cast: Ensorcelled Hiber |     1 |     4 |     4 |    19 ||    28
       Confuse           |       |       |       |    14 ||    14
  Use: Potion            |     1 |       |       |     7 ||     8
       Scroll            |       |       |       |     3 ||     3
 Stab: Sleeping          |     1 |     4 |     8 |    34 ||    47
       Confused          |       |       |       |     8 ||     8
       Distracted        |       |       |       |     1 ||     1
Armor: Robe              |       |     1 |       |     8 ||     9
Dodge: Dodged            |     4 |     1 |     4 |    18 ||    27
